TOP OF THE 1ST |
Hickory Crawdads batting - Pitching for Quad Cities River Bandits : RHP Alex Salinas
|
Pitching: RHP Alex Salinas
|
|
Batting: RHB Luke Stark
|
0-0: Ball 1-0: Ball 2-0: Ball 3-0: Base on Balls
|
Batting: LHB Franklin Quezada
|
0-0: Reached on error, E4 (Flyball, 34D, EV 84.4 MPH) Luke Stark to second
|
Batting: LHB Ben Radach
|
0-0: Foul Ball, location: 2F 0-1: Ball 1-1: Ball 2-1: Foul Ball, location: 2F 2-2: Foul Ball, location: 2F 2-2: Ball 3-2: Base on Balls Luke Stark to third Franklin Quezada to second
|
Batting: LHB Nick Foutz
|
0-0: Ball 1-0: Called Strike 1-1: Fly out, F7 (Flyball, 78D, EV 85.0 MPH) Runner from 3rd tags up, SCORES, no throw by LF
|
Batting: LHB Casper Kersten
|
0-0: Swinging Strike 0-1: DOUBLE (Line Drive, 9LS, EV 109.4 MPH) Franklin Quezada scores Ben Radach to third Runner from 3rd tries for Home, SAFE, throw by RF to home
|
Batting: RHB Adryão Anto
|
0-0: Swinging Strike 0-1: Ball 1-1: Swinging Strike 1-2: Ball 2-2: Ball 3-2: Base on Balls
|
Batting: RHB Chris Powell
|
0-0: Ball 1-0: Ball 2-0: Ball 3-0: Base on Balls Casper Kersten to third Adryão Anto to second
|
Batting: LHB Antonio Domingues
|
0-0: Ball 1-0: Called Strike 1-1: GRAND SLAM HOME RUN (Line Drive, 9D, EV 100.0 MPH), Distance : 379 ft
|
Batting: RHB Jose Guerrero
|
0-0: Ball 1-0: Ball 2-0: Called Strike 2-1: SINGLE (Groundball, 6MS, EV 53.8 MPH) (infield hit)
|
Batting: RHB Luke Stark
|
0-0: Called Strike Jose Guerrero steals 2nd base 0-1: Called Strike 0-2: Ball 1-2: Foul Ball, location: 2F 1-2: 2-RUN HOME RUN (Flyball, 89XD, EV 98.8 MPH), Distance : 403 ft
|
Pitching: RHP Arsène Serre
|
|
Batting: LHB Franklin Quezada
|
0-0: Ball 1-0: DOUBLE (Groundball, 3L, EV 107.5 MPH)
|
Batting: LHB Ben Radach
|
0-0: Ball 1-0: Ball 2-0: Ball 3-0: Base on Balls
|
Batting: LHB Nick Foutz
|
0-0: Ball 1-0: Fly out, F7 (Flyball, 7LS, EV 86.3 MPH)
|
Batting: LHB Casper Kersten
|
0-0: Ball 1-0: Foul Ball, location: 2F 1-1: Ground out 4-3 (Groundball, 34, EV 90.0 MPH)
|
Top of the 1st over - 9 runs, 5 hits, 1 error, 2 left on base; Hickory 9 - Quad Cities 0 |
BOTTOM OF THE 1ST |
Quad Cities River Bandits batting - Pitching for Hickory Crawdads : RHP Ryan Graham
|
Pitching: RHP Ryan Graham
|
|
Batting: RHB Ben Hoffman
|
0-0: Foul Ball, location: 2F 0-1: Ball 1-1: Ball 2-1: SINGLE (Groundball, 4MS, EV 73.1 MPH) (infield hit)
|
Batting: RHB Matt Parker
|
0-0: Swinging Strike 0-1: Swinging Strike 0-2: Strikes out swinging
|
Batting: LHB Daniel Lopez
|
0-0: Called Strike 0-1: SINGLE (Line Drive, 78S, EV 89.4 MPH) Ben Hoffman to second
|
Batting: RHB Joe Cook
|
0-0: Fielders Choice at 2nd, 2-6 (Groundball, 13S, EV 69.4 MPH) Ben Hoffman to third
|
Batting: LHB Dylan LaRose
|
0-0: Swinging Strike 0-1: Ball 1-1: Foul Ball, location: 2F 1-2: Fly out, F8 (Line Drive, 8LD, EV 105.0 MPH)
|
Bottom of the 1st over - 0 runs, 2 hits, 0 errors, 2 left on base; Hickory 9 - Quad Cities 0 |
TOP OF THE 2ND |
Hickory Crawdads batting - Pitching for Quad Cities River Bandits : RHP Arsène Serre
|
Batting: RHB Adryão Anto
|
0-0: Ball 1-0: Ball 2-0: Ball 3-0: Base on Balls
|
Batting: RHB Chris Powell
|
0-0: Foul Ball, location: 2F 0-1: Foul Ball, location: 2F 0-2: Foul Ball, location: 2F 0-2: 2-RUN HOME RUN (Flyball, 7LD, EV 96.9 MPH), Distance : 353 ft
|
Pitching: RHP Chris Miles
|
|
Batting: LHB Antonio Domingues
|
0-0: Called Strike 0-1: Ball 1-1: Swinging Strike 1-2: Strikes out looking
|
Batting: RHB Jose Guerrero
|
0-0: Called Strike 0-1: SOLO HOME RUN (Flyball, 7LD, EV 98.1 MPH), Distance : 366 ft
|
Batting: RHB Luke Stark
|
0-0: Called Strike 0-1: Called Strike 0-2: SINGLE (Line Drive, 4MD, EV 98.8 MPH)
|
Batting: LHB Franklin Quezada
|
0-0: Called Strike 0-1: Called Strike 0-2: Foul Ball, location: 2F 0-2: Foul Ball, location: 2F 0-2: SINGLE (Groundball, 6M, EV 83.8 MPH) (infield hit) Luke Stark to second
|
Batting: LHB Ben Radach
|
0-0: Grounds into double play, 4-6-3 (Groundball, 4M, EV 99.4 MPH)
|
Top of the 2nd over - 3 runs, 4 hits, 0 errors, 1 left on base; Hickory 12 - Quad Cities 0 |
BOTTOM OF THE 2ND |
Quad Cities River Bandits batting - Pitching for Hickory Crawdads : RHP Ryan Graham
|
Batting: RHB Steve Moore
|
0-0: Ball 1-0: SOLO HOME RUN (Flyball, 7D, EV 103.8 MPH), Distance : 391 ft
|
Batting: SHB Salvador Gomez
|
0-0: Swinging Strike 0-1: Fly out, F7 (Flyball, 78D, EV 102.5 MPH)
|
Batting: RHB Chris Miller
|
0-0: Foul Ball, location: 2F 0-1: Ball 1-1: Ball 2-1: Ball 3-1: SINGLE (Line Drive, 78M, EV 101.3 MPH)
|
Batting: LHB Jimmy Edlin
|
0-0: Ball 1-0: Ball 2-0: Called Strike 2-1: Foul Ball, location: 2F 2-2: Ball 3-2: Base on Balls Chris Miller to second
|
Batting: RHB Ben Hoffman
|
0-0: Fly out, F6 (Flyball, 56D, EV 84.4 MPH)
|
Batting: RHB Matt Parker
|
0-0: Called Strike 0-1: Foul Ball, location: 2F 0-2: Ball 1-2: Foul Ball, location: 2F 1-2: Ball 2-2: Strikes out swinging
|
Bottom of the 2nd over - 1 run, 2 hits, 0 errors, 2 left on base; Hickory 12 - Quad Cities 1 |
TOP OF THE 3RD |
Hickory Crawdads batting - Pitching for Quad Cities River Bandits : RHP Chris Miles
|
Batting: LHB Nick Foutz
|
0-0: Called Strike 0-1: Ball 1-1: Ball 2-1: Ball 3-1: Base on Balls
|
Pitching: RHP Ray Leuthauser
|
|
Batting: LHB Casper Kersten
|
0-0: Foul Ball, location: 2F 0-1: Ball 1-1: Ball 2-1: Fielders Choice at 2nd, 3-6 (Groundball, 3, EV 102.5 MPH)
|
Batting: RHB Adryão Anto
|
0-0: Foul Ball, location: 2F 0-1: Ball 1-1: Swinging Strike 1-2: Ball 2-2: Fly out, F8 (Flyball, 8LM, EV 87.5 MPH)
|
Batting: RHB Chris Powell
|
0-0: Called Strike 0-1: Fly out, F7 (Flyball, 78S, EV 90.0 MPH)
|
Top of the 3rd over - 0 runs, 0 hits, 0 errors, 1 left on base; Hickory 12 - Quad Cities 1 |
BOTTOM OF THE 3RD |
Quad Cities River Bandits batting - Pitching for Hickory Crawdads : RHP Ryan Graham
|
Batting: LHB Daniel Lopez
|
0-0: Ball 1-0: Ball 2-0: SOLO HOME RUN (Flyball, 9LD, EV 91.9 MPH), Distance : 334 ft
|
Batting: RHB Joe Cook
|
0-0: Swinging Strike 0-1: Ground out U3 (Groundball, 34S, EV 83.8 MPH)
|
Batting: LHB Dylan LaRose
|
0-0: SINGLE (Groundball, 34D, EV 100.0 MPH)
|
Batting: RHB Steve Moore
|
0-0: Called Strike Dylan LaRose steals 2nd base (no throw) 0-1: Ball 1-1: Swinging Strike 1-2: Fly out, F2 (Popup, 2R, EV 88.8 MPH)
|
Batting: SHB Salvador Gomez
|
0-0: Called Strike 0-1: Ground out 6-3 (Groundball, 56, EV 88.8 MPH)
|
Bottom of the 3rd over - 1 run, 2 hits, 0 errors, 1 left on base; Hickory 12 - Quad Cities 2 |
TOP OF THE 4TH |
Hickory Crawdads batting - Pitching for Quad Cities River Bandits : RHP Ray Leuthauser
|
Batting: LHB Antonio Domingues
|
0-0: Ball 1-0: Ball 2-0: Ball 3-0: Called Strike 3-1: Called Strike 3-2: Base on Balls
|
Batting: RHB Jose Guerrero
|
0-0: Called Strike 0-1: Ball 1-1: Called Strike 1-2: Strikes out swinging
|
Pitching: LHP Kelvin Jones
|
|
Batting: RHB Luke Stark
|
0-0: Called Strike 0-1: Ball 1-1: Ball 2-1: Foul Ball, location: 2F 2-2: Ball 3-2: 2-RUN HOME RUN (Flyball, 9D, EV 101.3 MPH), Distance : 365 ft
|
Batting: LHB Franklin Quezada
|
0-0: Ball 1-0: Ball 2-0: Ground out U3 (Groundball, 34, EV 81.3 MPH)
|
Batting: LHB Ben Radach
|
0-0: Swinging Strike 0-1: Swinging Strike 0-2: Strikes out swinging
|
Top of the 4th over - 2 runs, 1 hit, 0 errors, 0 left on base; Hickory 14 - Quad Cities 2 |
BOTTOM OF THE 4TH |
Quad Cities River Bandits batting - Pitching for Hickory Crawdads : RHP Ryan Graham
|
Pitching: RHP Seiichi Yamashita
|
|
Batting: RHB Chris Miller
|
0-0: Called Strike 0-1: Called Strike 0-2: Strikes out looking
|
Batting: LHB Jimmy Edlin
|
0-0: Called Strike 0-1: Swinging Strike 0-2: Strikes out swinging
|
Batting: RHB Ben Hoffman
|
0-0: Called Strike 0-1: Called Strike 0-2: Ball 1-2: Fly out, F8 (Flyball, 8LXD, EV 96.9 MPH)
|
Bottom of the 4th over - 0 runs, 0 hits, 0 errors, 0 left on base; Hickory 14 - Quad Cities 2 |
TOP OF THE 5TH |
Hickory Crawdads batting - Pitching for Quad Cities River Bandits : LHP Kelvin Jones
|
Batting: LHB Nick Foutz
|
0-0: Ground out 1-3 (Groundball, P, EV 65.6 MPH)
|
Pinch Hitting: RHB Bobby Larson
|
0-0: Ball 1-0: Ball 2-0: Called Strike 2-1: Ball 3-1: Swinging Strike 3-2: DOUBLE (Groundball, 5L, EV 103.1 MPH)
|
Pitching: RHP Colin Cranford
|
|
Batting: RHB Adryão Anto
|
0-0: Swinging Strike 0-1: Ball 1-1: Called Strike 1-2: Foul Ball, location: 2F 1-2: Strikes out swinging
|
Batting: RHB Chris Powell
|
0-0: Ball 1-0: Ball 2-0: Ball 3-0: Base on Balls
|
Batting: LHB Antonio Domingues
|
0-0: Ball 1-0: Ball 2-0: Ball 3-0: Base on Balls Bobby Larson to third Chris Powell to second
|
Batting: RHB Jose Guerrero
|
0-0: Ball Wild Pitch! Bobby Larson scores Chris Powell to third Antonio Domingues to second 1-0: Foul Ball, location: 2F 1-1: SINGLE (Line Drive, 56D, EV 97.5 MPH) Chris Powell scores Antonio Domingues to third Runner from 3rd tries for Home, SAFE, throw by LF to home
|
Batting: RHB Luke Stark
|
0-0: Foul Ball, location: 2F 0-1: Ball 1-1: Swinging Strike 1-2: Ground out 1-3 (Groundball, 34S, EV 61.3 MPH)
|
Top of the 5th over - 3 runs, 2 hits, 0 errors, 1 left on base; Hickory 17 - Quad Cities 2 |
BOTTOM OF THE 5TH |
Quad Cities River Bandits batting - Pitching for Hickory Crawdads : RHP Seiichi Yamashita
|
Now at 2B: Jason Sher
|
|
Now at 3B: Luke Stark
|
|
Batting: RHB Matt Parker
|
0-0: Called Strike 0-1: Foul Ball, location: 2F 0-2: Ball 1-2: Ball 2-2: Fly out, F5 (Flyball, 5D, EV 88.8 MPH)
|
Batting: LHB Daniel Lopez
|
0-0: Called Strike 0-1: Swinging Strike 0-2: Ball 1-2: Foul Ball, location: 2F 1-2: Ball 2-2: Ball 3-2: Foul Ball, location: 2F 3-2: Foul Ball, location: 2F 3-2: SINGLE (Flyball, 8LS, EV 96.9 MPH)
|
Batting: RHB Joe Cook
|
0-0: Ball 1-0: Fly out, F4 (Popup, 4MS, EV 75.0 MPH)
|
Batting: LHB Dylan LaRose
|
0-0: Called Strike 0-1: Foul Ball, location: 2F 0-2: Ball 1-2: Ball 2-2: Ground out 4-3 (Groundball, 4, EV 99.4 MPH)
|
Bottom of the 5th over - 0 runs, 1 hit, 0 errors, 1 left on base; Hickory 17 - Quad Cities 2 |
TOP OF THE 6TH |
Hickory Crawdads batting - Pitching for Quad Cities River Bandits : RHP Colin Cranford
|
Pitching: RHP Ben Glavich
|
|
Batting: LHB Franklin Quezada
|
0-0: Ball 1-0: Ball 2-0: Ball 3-0: Base on Balls
|
Batting: LHB Ben Radach
|
0-0: Ball 1-0: Foul Ball, location: 2F 1-1: Swinging Strike 1-2: Ball 2-2: Ball 3-2: Foul Ball, location: 2F 3-2: Fly out, F4 (Popup, 34, EV 76.9 MPH)
|
Batting: LHB Nick Foutz
|
0-0: Called Strike 0-1: SINGLE (Line Drive, 34D, EV 96.9 MPH) Franklin Quezada to second
|
Batting: RHB Jason Sher
|
0-0: Called Strike 0-1: Foul Ball, location: 2F 0-2: Ball Balk! Franklin Quezada to third Nick Foutz to second 1-2: Foul Ball, location: 2F 1-2: Foul Ball, location: 2F 1-2: Foul Ball, location: 2F 1-2: Foul Ball, location: 2F 1-2: 3-RUN HOME RUN (Flyball, 7D, EV 98.1 MPH), Distance : 384 ft
|
Pitching: RHP Robin Yelland
|
|
Batting: RHB Adryão Anto
|
0-0: Fly out, F8 (Flyball, 89S, EV 90.6 MPH)
|
Batting: RHB Chris Powell
|
0-0: Called Strike 0-1: Ball 1-1: Ground out 6-3 (Groundball, 6, EV 103.1 MPH)
|
Top of the 6th over - 3 runs, 2 hits, 0 errors, 0 left on base; Hickory 20 - Quad Cities 2 |
BOTTOM OF THE 6TH |
Quad Cities River Bandits batting - Pitching for Hickory Crawdads : RHP Seiichi Yamashita
|
Batting: RHB Steve Moore
|
0-0: Called Strike 0-1: Ground out 1-3 (Groundball, 15S, EV 69.4 MPH)
|
Batting: SHB Salvador Gomez
|
0-0: SINGLE (Groundball, 56D, EV 97.5 MPH)
|
Batting: RHB Chris Miller
|
0-0: Grounds into double play, 5-4-3 (Groundball, 5, EV 80.6 MPH)
|
Bottom of the 6th over - 0 runs, 1 hit, 0 errors, 0 left on base; Hickory 20 - Quad Cities 2 |
TOP OF THE 7TH |
Hickory Crawdads batting - Pitching for Quad Cities River Bandits : RHP Robin Yelland
|
Batting: LHB Antonio Domingues
|
0-0: Ball 1-0: Ball 2-0: Ball 3-0: Called Strike 3-1: Base on Balls
|
Batting: RHB Jose Guerrero
|
0-0: Called Strike 0-1: Swinging Strike 0-2: Fly out, F8 (Line Drive, 8RM, EV 86.3 MPH)
|
Batting: RHB Luke Stark
|
0-0: Foul Ball, location: 2F 0-1: Called Strike 0-2: Ball 1-2: Strikes out swinging
|
Batting: LHB Franklin Quezada
|
0-0: Ball 1-0: Ball 2-0: Ball 3-0: SINGLE (Groundball, 4S, EV 67.5 MPH) (infield hit) Antonio Domingues to second
|
Batting: LHB Ben Radach
|
0-0: Called Strike 0-1: Ball 1-1: Fly out, F8 (Flyball, 78M, EV 83.1 MPH)
|
Top of the 7th over - 0 runs, 1 hit, 0 errors, 2 left on base; Hickory 20 - Quad Cities 2 |
BOTTOM OF THE 7TH |
Quad Cities River Bandits batting - Pitching for Hickory Crawdads : RHP Seiichi Yamashita
|
Batting: LHB Jimmy Edlin
|
0-0: Fly out, F7 (Flyball, 78S, EV 77.5 MPH)
|
Batting: RHB Ben Hoffman
|
0-0: Ball 1-0: Swinging Strike 1-1: SINGLE (Line Drive, 4MD, EV 103.1 MPH)
|
Batting: RHB Matt Parker
|
0-0: Ball Ben Hoffman steals 2nd base 1-0: Ground out 5-3 (Groundball, 25, EV 86.9 MPH)
|
Batting: LHB Daniel Lopez
|
0-0: Foul Ball, location: 2F 0-1: Foul Ball, location: 2F 0-2: SINGLE (Flyball, 78S, EV 96.3 MPH) Ben Hoffman to third Runner from 3rd tries for Home, throw by CF and OUT! 8-2
|
Bottom of the 7th over - 0 runs, 2 hits, 0 errors, 1 left on base; Hickory 20 - Quad Cities 2 |
TOP OF THE 8TH |
Hickory Crawdads batting - Pitching for Quad Cities River Bandits : RHP Robin Yelland
|
Pitching: RHP Manny Bonilla
|
|
Batting: LHB Nick Foutz
|
0-0: Called Strike 0-1: Ball 1-1: Swinging Strike 1-2: Ball 2-2: Ball 3-2: Ground out 4-3 (Groundball, 4S, EV 85.0 MPH)
|
Batting: RHB Jason Sher
|
0-0: Ball 1-0: Called Strike 1-1: Ground out U3 (Groundball, 34S, EV 84.4 MPH)
|
Batting: RHB Adryão Anto
|
0-0: Ball 1-0: Ball 2-0: Ball 3-0: Base on Balls
|
Batting: RHB Chris Powell
|
0-0: Called Strike 0-1: Ball 1-1: Ball 2-1: Ground out 6-3 (Groundball, 6S, EV 61.9 MPH)
|
Top of the 8th over - 0 runs, 0 hits, 0 errors, 1 left on base; Hickory 20 - Quad Cities 2 |
BOTTOM OF THE 8TH |
Quad Cities River Bandits batting - Pitching for Hickory Crawdads : RHP Seiichi Yamashita
|
Batting: RHB Joe Cook
|
0-0: Ball 1-0: Called Strike 1-1: Foul Ball, location: 2F 1-2: Foul Ball, location: 2F 1-2: SINGLE (Groundball, 6M, EV 99.4 MPH) (infield hit)
|
Pitching: RHP Orlando Mendoza
|
|
Batting: LHB Dylan LaRose
|
0-0: Foul Ball, location: 2F 0-1: Swinging Strike 0-2: Foul Ball, location: 2F 0-2: Ball 1-2: Strikes out swinging
|
Batting: RHB Steve Moore
|
0-0: Ball 1-0: Called Strike 1-1: Foul Ball, location: 2F 1-2: Fly out, F9 (Flyball, 9S, EV 90.6 MPH)
|
Batting: SHB Salvador Gomez
|
0-0: Fly out, F7 (Flyball, 7D, EV 103.1 MPH)
|
Bottom of the 8th over - 0 runs, 1 hit, 0 errors, 1 left on base; Hickory 20 - Quad Cities 2 |
TOP OF THE 9TH |
Hickory Crawdads batting - Pitching for Quad Cities River Bandits : RHP Manny Bonilla
|
Batting: LHB Antonio Domingues
|
0-0: Ball 1-0: Foul Ball, location: 2F 1-1: Ball 2-1: Called Strike 2-2: Foul Ball, location: 2F 2-2: Ball 3-2: Base on Balls
|
Pitching: RHP Calisto Morda
|
|
Batting: RHB Jose Guerrero
|
0-0: Swinging Strike 0-1: Foul Ball, location: 2F 0-2: Fly out, F8 (Flyball, 89M, EV 91.3 MPH)
|
Batting: RHB Luke Stark
|
0-0: Called Strike 0-1: Ball 1-1: Foul Ball, location: 2F 1-2: Ball 2-2: Ball 3-2: Fly out, F9 (Flyball, 9S, EV 75.6 MPH)
|
Batting: LHB Franklin Quezada
|
0-0: Ball 1-0: Ball 2-0: Ball 3-0: Called Strike 3-1: Foul Ball, location: 2F 3-2: Foul Ball, location: 2F 3-2: Base on Balls Antonio Domingues to second
|
Batting: LHB Ben Radach
|
0-0: Ball 1-0: Ball 2-0: Ground out 6-3 (Groundball, 6MS, EV 91.9 MPH)
|
Top of the 9th over - 0 runs, 0 hits, 0 errors, 2 left on base; Hickory 20 - Quad Cities 2 |
BOTTOM OF THE 9TH |
Quad Cities River Bandits batting - Pitching for Hickory Crawdads : RHP Orlando Mendoza
|
Batting: RHB Chris Miller
|
0-0: Swinging Strike 0-1: Called Strike 0-2: Strikes out swinging
|
Batting: LHB Jimmy Edlin
|
0-0: Called Strike 0-1: Ball 1-1: Ground out 4-3 (Groundball, 34, EV 79.4 MPH)
|
Batting: RHB Ben Hoffman
|
0-0: Ball 1-0: Ball 2-0: Called Strike 2-1: Swinging Strike 2-2: Ground out 6-3 (Groundball, 6, EV 86.3 MPH)
|
Bottom of the 9th over - 0 runs, 0 hits, 0 errors, 0 left on base; Hickory 20 - Quad Cities 2 |
|